 Dungeon Crawl Stone Soup version 0.14-a0-586-g2535b90 (webtiles) character file.

8220 JacquesDerrida the Tainter (level 11, -1/81 HPs)
             Began as a Naga Venom Mage on Nov 4, 2013.
             Was a Follower of Ashenzari.
             Slain by an orc warlord
             ... wielding a +0,+5 vampiric halberd
              (31 damage)
             ... in a bailey.
             The game lasted 00:44:28 (9585 turns).

JacquesDerrida the Tainter (Naga Venom Mage)        Turns: 9585, Time: 00:44:28

HP  -1/81        AC  9     Str 11      XL: 11   Next: 21%
MP   7/22        EV 10     Int 18      God: Ashenzari [*.....]
Gold 408         SH  0     Dex 17      Spells:  5 memorised,  2 levels left

Res.Fire  : . . .   See Invis. : +   x - +4,+0 war axe (elec)
Res.Cold  : . . .   Warding    : .   i - +1 leather armour
Life Prot.: . . .   Conserve   : .   (no shield)
Res.Poison: +       Res.Corr.  : .   k - +1 helmet (curse)
Res.Elec. : .       Clarity    : .   (no cloak)
Sust.Abil.: . .     Spirit.Shd : .   u - +0 pair of gloves
Res.Mut.  : .       Stasis     : .   (no barding)
Res.Rott. : .       Flight     : .   w - amulet of the gourmand
Gourmand  : +                        (no ring)
                                     N - cursed +5 ring of dexterity

@: very slightly contaminated, hasted, quick, somewhat resistant to hostile
enchantments, stealthy
A: spit poison, see invisible, deformed body, poison resistance, slowness 2, AC
+3
a: Spit Poison, Renounce Religion


You were in a bailey.
You worshipped Ashenzari.
Ashenzari was aware of your devotion.
You were very full.

You visited 2 branches of the dungeon, and saw 11 of its levels.
You also visited: Bailey.

You collected 434 gold pieces.
You spent 26 gold pieces at shops.

Inventory:

Hand weapons
 g - a +1,+2 sling of frost
 l - a +0,+0 short sword
 q - a +1,+0 elven long sword
 x - a +4,+0 war axe of electrocution (weapon)
Missiles
 n - 33 stones (quivered)
Armour
 a - a +0 elven leather armour
 i - a +1 leather armour (worn)
 k - a cursed +1 helmet (worn)
 u - a +0 pair of gloves (worn)
 C - a +1 ring mail of fire resistance
 K - a +1 dwarven buckler
Magical devices
 d - a wand of fire (0)
 I - a wand of slowing (11)
 J - a wand of digging (3)
 Q - a wand of magic darts (15)
Comestibles
 c - 5 bread rations
 o - 4 meat rations
 G - a royal jelly
Scrolls
 e - 3 scrolls of fear
 f - 2 scrolls of blinking
 h - a scroll of curse armour
 m - 6 scrolls of remove curse
 r - a scroll of amnesia
 s - 2 scrolls of enchant weapon I
 t - 3 scrolls of identify
 v - 2 scrolls of curse jewellery
 y - 4 scrolls of curse weapon
 M - a scroll of holy word
Jewellery
 w - an amulet of the gourmand (around neck)
 z - an uncursed amulet of resist mutation
 N - a cursed +5 ring of dexterity (left hand)
Potions
 j - a potion of mutation
 A - 4 potions of curing
 B - 2 potions of resistance
 L - a potion of might
 O - a potion of restore abilities
Books
 b - a Young Poisoner's Handbook

   Spells                             Type                      Level
   *Sting                             Conjuration/Poison           1
   Cure Poison                        Poison                       2
   *Mephitic Cloud                    Conjuration/Poison/Air       3
   Olgreb's Toxic Radiance            Poison                       4
   *Venom Bolt                        Conjuration/Poison           5
 p - a book of Enchantments

   Spells                             Type                      Level
   Cause Fear                         Hexes                        4
   Silence                            Hexes/Air                    5
   Tukima's Dance                     Hexes                        5
   Deflect Missiles                   Charms/Air                   6
   Haste                              Charms                       6
   Discord                            Hexes                        8
 E - a book of Dreams

   Spells                             Type                      Level
   Ensorcelled Hibernation            Hexes/Ice                    2
   Flight                             Charms/Air                   3
   Phase Shift                        Translocation                5
   Shadow Creatures                   Summoning                    5
   Mass Confusion                     Hexes                        6
   Darkness                           Hexes                        7
 F - a book of Clouds

   Spells                             Type                      Level
   *Mephitic Cloud                    Conjuration/Poison/Air       3
   *Conjure Flame                     Conjuration/Fire             3
   *Poisonous Cloud                   Conjuration/Poison/Air       6
   Freezing Cloud                     Conjuration/Ice/Air          6
   Ring of Flames                     Charms/Fire                  7
 P - a book of Callings

   Spells                             Type                      Level
   Summon Small Mammal                Summoning                    1
   Call Imp                           Summoning                    2
   Call Canine Familiar               Summoning                    3
   Summon Scorpions                   Summoning/Poison             4
   Summon Ice Beast                   Ice/Summoning                4


   Skills:
 - Level 1.1 Axes
 - Level 1.5 Dodging
 - Level 3.0 Stealth
 - Level 5.0 Spellcasting
 - Level 9.6 Conjurations
 + Level 9.0 Air Magic
 + Level 12.6 Poison Magic


You had 2 spell levels left.
You knew the following spells:

 Your Spells              Type           Power        Failure   Level  Hunger
a - Sting                 Conj/Pois      ####         1%          1    None
b - Mephitic Cloud        Conj/Pois/Air  #####...     1%          3    ###....
c - Venom Bolt            Conj/Pois      #####.....   4%          5    #####..
d - Conjure Flame         Conj/Fire      ###.....     6%          3    ###....
e - Poisonous Cloud       Conj/Pois/Air  #####.....   30%         6    #######


Dungeon Overview and Level Annotations

Branches:
Dungeon (10/27)            Temple (1/1) D:4
    Orc: D:6-11        Lair: D:8-13

Altars:
Ashenzari
Cheibriados
Elyvilon
Fedhas
Makhleb
Nemelex Xobeh
Okawaru
Sif Muna
Trog
Vehumet
Xom
Yredelemnul
Zin
the Shining One
Lugonu

Shops:
D:5 }%/[

Annotations:
D:2 gold in tele trap
D:3 Grinder; cedor's ghost, average HESk


Innate Abilities, Weirdness & Mutations

You cannot wear boots.
You can spit poison.
Your serpentine skin is tough (AC +3).
You have supernaturally acute eyesight.
Armour fits poorly on your strangely shaped body.
Your system is resistant to poisons.
You cover ground very slowly.


Message History

Press: ? - help, Dir - move target cursor The orc warlord is engulfed in poison gas.
There is a fountain of clear blue water here.
Things that are here:
an uncursed dwarven hand axe; a goblin skeleton
There is an open door here.
Evoke which item? (* to show all) (? for menu, Esc to quit)
Zapping:
d - a wand of fire {zapped: 5}
Press: ? - help, Shift-Dir - straight line, f - orc warlord
Aim: an orc warlord, wielding a vampiric halberd and wearing an orcish plate armour (severely wounded, poisoned)
The bolt of fire hits the orc warlord.
The orc warlord is severely wounded.
You see here an uncursed hand axe.
Evoke which item? (* to show all) (? for menu, Esc to quit)
Zapping:
d - a wand of fire {zapped: 6}
Press: ? - help, Shift-Dir - straight line, f/p - orc warlord
Aim: an orc warlord, wielding a vampiric halberd and wearing an orcish plate armour (severely wounded, poisoned) Nothing appears to happen.
The orc warlord hits you from afar with a vampiric halberd!
You die...

# .
###.........##......♣♣
## ...
#...........#........
#)§....
#...........'.......♣
o§§§...
#.....⌠.)...').∩.∩..♣
#§§g...
#........)..')......♣ #
...
#..)))......#.......♣ ##
. ###.).......##.......♣
.###
###.###)....###♣.♣....♣♣
...### ###.....#@#.###
♣♣♣♣.♣♣.♣♣
.....###......o..###
♣♣♣♣♣♣♣♣♣♣
...%..#...........#
♣♣♣♣♣♣♣
......#...........#
⌠)....#)....⌠.)...#
......'.).)))....)#
......#...........#
.....###.........##
...### ###.....###


You could see an orc warlord.

Vanquished Creatures
  2 orc knights (Bailey)
  A hill giant (D:10)
  A troll (D:9)
  Prince Ribbit (D:9)
  6 yaks (D:9)
  An ugly thing (D:9)
  Eustachio (D:4)
  A hungry ghost (D:7)
  11 orc warriors (Bailey)
  2 manticores (D:9)
  2 phantoms
  2 ice beasts (D:9)
  A black bear (D:10)
  2 sky beasts (D:9)
  6 ogres
  2 centaurs
  Duvessa (D:4)
  2 giant frogs (D:9)
  A gnoll sergeant (D:9)
  A komodo dragon zombie (D:10)
  A water moccasin (D:9)
  A wyvern skeleton (D:9)
  3 hippogriff zombies
  A jelly (D:9)
  A troll skeleton (D:9)
  Dowan (D:4)
  2 goliath beetles
  5 crimson imps
  2 hounds (D:4)
  2 giant frog skeletons (D:9)
  2 orc priests
  3 iguanas
  4 scorpions
  8 orc wizards
  4 worker ants
  Ijyb (D:3)
  A hound zombie (D:5)
  19 gnolls
  A green rat (D:4)
  A shadow imp (D:4)
  A white imp (D:4)
  11 adders
  A giant centipede (D:10)
  3 worms
  An adder zombie (D:5)
  2 grey rats (D:4)
  3 giant eyeballs
  3 giant geckos
  An ooze (D:6)
  28 orcs
  12 bats
  A bat zombie (D:6)
  30 goblins
  22 hobgoblins
  5 jackals
  A ball python (D:4)
  4 giant cockroaches
  A giant cockroach zombie (D:6)
  4 giant newts
  2 giant spores
  12 kobolds
  A kobold skeleton (D:5)
  An orc skeleton (D:4)
  5 quokkas
  17 rats
  A rat zombie (D:4)
  7 ballistomycetes
290 creatures vanquished.

Vanquished Creatures (others)
  A giant spore (D:9)
1 creature vanquished.

Grand Total: 291 creatures vanquished

Notes
Turn   | Place    | Note
--------------------------------------------------------------
     0 | D:1      | JacquesDerrida, the Naga Venom Mage, began the quest for the Orb.
     0 | D:1      | Reached XP level 1. HP: 15/15 MP: 3/3
   139 | D:1      | Reached skill level 1 in Conjurations
   478 | D:1      | Reached XP level 2. HP: 22/22 MP: 0/4
  1189 | D:2      | Reached XP level 3. HP: 28/28 MP: 0/6
  1326 | D:2      | Found an iron altar of Okawaru.
  1428 | D:2      | Learned a level 3 spell: Mephitic Cloud
  1474 | D:2      | Reached XP level 4. HP: 30/36 MP: 1/8
  1982 | D:3      | Noticed Grinder
  2166 | D:3      | Noticed cedor's ghost (average HESk)
  2183 | D:3      | Reached skill level 6 in Poison Magic
  2183 | D:3      | Reached XP level 5. HP: 37/42 MP: 2/9
  2210 | D:3      | Noticed Ijyb
  2265 | D:3      | Killed Ijyb
  2694 | D:4      | Noticed an ogre
  2701 | D:4      | Killed an ogre
  2701 | D:4      | Reached skill level 7 in Poison Magic
  2701 | D:4      | Reached XP level 6. HP: 49/49 MP: 0/11
  2725 | D:4      | Noticed an ogre
  2799 | D:4      | Killed an ogre
  2799 | D:4      | Reached skill level 8 in Poison Magic
  3000 | D:4      | Reached skill level 1 in Axes
  3016 | D:4      | Reached XP level 7. HP: 20/55 MP: 0/12
  3264 | D:4      | Learned a level 5 spell: Venom Bolt
  3448 | D:4      | Found a staircase to the Ecumenical Temple.
  3448 | D:4      | Paralysed by a giant eyeball for 2 turns
  3457 | D:4      | Noticed Eustachio
  3462 | D:4      | Noticed Dowan
  3465 | D:4      | Noticed Duvessa
  3465 | D:4      | Reached skill level 5 in Conjurations
  3660 | D:4      | Killed Duvessa
  3777 | D:4      | Killed Eustachio
  3840 | D:4      | Killed Dowan
  3840 | D:4      | Reached XP level 8. HP: 49/62 MP: 1/14
  3869 | Temple   | Entered the Ecumenical Temple
  3894 | Temple   | Became a worshipper of Ashenzari the Shackled
  4223 | D:5      | Entered Level 5 of the Dungeon
  4253 | D:5      | Found a shimmering altar of Xom.
  4253 | D:5      | Found a shimmering altar of Xom.
  4255 | D:5      | Found Riapikhli's Magical Wand Emporium.
  4259 | D:5      | Found Suicocud's Food Boutique.
  4306 | D:5      | Reached skill level 9 in Poison Magic
  4433 | D:5      | Found a shimmering altar of Xom.
  4440 | D:5      | Found Kotac's Gadget Emporium.
  4505 | D:5      | Found a shimmering altar of Xom.
  4507 | D:5      | Found a shimmering altar of Xom.
  4593 | D:5      | Found Bloifef's Antique Armour Boutique.
  4598 | D:5      | Bought a pair of gloves for 26 gold pieces
  5057 | D:6      | Learned a level 3 spell: Conjure Flame
  5090 | D:6      | Found a snail-covered altar of Cheibriados.
  5106 | D:6      | Reached skill level 1 in Air Magic
  5644 | D:6      | Found a blossoming altar of Fedhas.
  5645 | D:6      | Found a bloodstained altar of Trog.
  5724 | D:7      | Reached XP level 9. HP: 39/68 MP: 9/19
  6003 | D:7      | Reached skill level 5 in Spellcasting
  6516 | D:8      | Found a basalt altar of Yredelemnul.
  6525 | D:8      | Found a deep blue altar of Sif Muna.
  6646 | D:9      | Noticed Prince Ribbit
  6649 | D:9      | Killed Prince Ribbit
  6661 | D:9      | Learned a level 6 spell: Poisonous Cloud
  6855 | D:9      | Reached skill level 5 in Air Magic
  7047 | D:9      | Reached XP level 10. HP: 45/75 MP: 16/21
  7364 | D:9      | Paralysed by a giant eyeball for 3 turns
  7370 | D:9      | Paralysed by a giant eyeball for 3 turns
  7475 | D:9      | Reached skill level 10 in Poison Magic
  7795 | D:9      | Found a sparkling altar of Nemelex Xobeh.
  8110 | D:9      | Reached skill level 11 in Poison Magic
  8285 | D:10     | Entered Level 10 of the Dungeon
  8287 | D:10     | Noticed a hill giant
  8358 | D:10     | Killed a hill giant
  8498 | D:10     | Found a flagged portal.
  8547 | Bailey   | Entered a bailey
  9159 | Bailey   | Noticed an orc knight
  9187 | Bailey   | Killed an orc knight
  9187 | Bailey   | Reached skill level 12 in Poison Magic
  9187 | Bailey   | Reached XP level 11. HP: 81/81 MP: 2/22
  9542 | Bailey   | Noticed an orc warlord
  9543 | Bailey   | Noticed an orc knight
  9557 | Bailey   | HP: 3/81 [orc warlord/vampiric halberd (28)]
  9558 | Bailey   | Killed an orc knight
  9585 | Bailey   | Slain by an orc warlord

Action                   |  1- 3 |  4- 6 |  7- 9 | 10-12 || total
-------------------------+-------+-------+-------+-------++-------
Melee: War axe           |       |    17 |   167 |    77 ||   261
 Fire: Sling             |    22 |    31 |       |       ||    53
Throw: Stone             |       |       |       |     1 ||     1
 Cast: Sting             |    55 |   106 |   140 |   132 ||   433
       Mephitic Cloud    |       |     2 |    17 |     9 ||    28
       Conjure Flame     |       |       |     6 |    23 ||    29
       Venom Bolt        |       |       |     1 |    16 ||    17
       Poisonous Cloud   |       |       |       |     2 ||     2
Evoke: Wand              |       |       |       |     8 ||     8
  Use: Scroll            |       |     2 |    15 |     7 ||    24
       Potion            |       |       |     8 |     4 ||    12
 Stab: Confused          |       |       |     2 |     2 ||     4
       Sleeping          |       |       |     3 |       ||     3
